 Dungeon Crawl Stone Soup version 0.30-a0-474-g5673dd7ce6 (webtiles) character file.

Game seed: 10027391647550943808

2467 Bnni the Carver (level 9, -1/78 HPs)
             Began as a Black Draconian Gladiator on Dec 20, 2022.
             Was a Follower of Vehumet.
             Slain by Jano's ghost (9 damage)
             ... on level 6 of the Dungeon.
             The game lasted 00:16:32 (4754 turns).

Bnni the Carver (Black Draconian Gladiator)         Turns: 4754, Time: 00:16:33

Health: -1/78      AC:  9    Str: 16    XL:     9   Next: 26%
Magic:  12/12      EV: 13    Int: 11    God:    Vehumet [*.....]
Gold:   358        SH:  0    Dex: 21    Spells: 5/13 levels left

rFire   . . .      SeeInvis .    a - +0 long sword
rCold   . . .      Faith    .    (no shield)
rNeg    . . .      Spirit   .    (body armour unavailable)
rPois   +          Reflect  .    b - +0 hat
rElec   +          Harm     .    (no cloak)
rCorr   .          Rampage  .    g - +0 pair of gloves
Will    .....                    F - +0 pair of boots {Fly}
Stlth   ++........               j - amulet of regeneration
HPRegen 1.13/turn                d - +6 ring of dexterity
MPRegen 0.13/turn                v - ring of poison resistance

@: short of breath, flying
A: breathe lightning, AC +7, unfitting armour, electricity resistance,
cold-blooded
a: Breathe Lightning, Renounce Religion


You were on level 6 of the Dungeon.
You worshipped Vehumet.
Vehumet was aware of your devotion.
You visited 2 branches of the dungeon, and saw 7 of its levels.

You collected 358 gold pieces.

Inventory:

Hand Weapons
 a - a +0 long sword (weapon)
 m - a +2 dagger of venom
Missiles
 c - a throwing net (quivered)
 o - 4 boomerangs
 u - 3 poisoned darts
Armour
 b - a +0 hat (worn)
 g - a +0 pair of gloves (worn)
 D - a +0 pair of boots
 F - a +0 pair of boots of flying (worn)
Jewellery
 d - a +6 ring of dexterity (left hand)
 j - an amulet of regeneration (around neck)
 v - a ring of poison resistance (right hand)
 y - a ring of positive energy
 z - a ring of fire
Wands
 q - a wand of iceblast (3)
 t - a wand of flame (10)
Scrolls
 h - 2 scrolls of teleportation
 p - 3 scrolls of enchant armour {unknown}
 r - a scroll of torment {unknown}
 s - a scroll of enchant weapon {unknown}
 x - a scroll of magic mapping {unknown}
 A - 2 scrolls of vulnerability {unknown}
 C - a scroll of poison {unknown}
Potions
 e - 2 potions of brilliance
 f - a potion of curing
 k - a potion of attraction
 l - a potion of might {unknown}
 w - 2 potions of haste {unknown}
 E - a potion of mutation


   Skills:
 + Level 6.9 Fighting
 * Level 9.2 Long Blades
 - Level 1.7 Throwing
 - Level 2.6 Dodging
 + Level 2.5 Spellcasting
 + Level 0.8 Conjurations
 * Level 6.9 Air Magic


You had 5 spell levels left.
You knew the following spells:

 Your Spells              Type           Power      Damage    Failure   Level
a - Shock                 Conj/Air       36%        1d5       5%          1
b - Swiftness             Air            16%        N/A       4%          3
d - Airstrike             Air            8%         2d(2-18)  16%         4

Your spell library contained the following spells:

 Spells                   Type           Power      Damage    Failure   Level
 Kiss of Death            Conj/Necr      8%         2d6       24%         1
 Poisonous Vapours        Pois/Air       18%        N/A       10%         2
 Cigotuvi's Dreadful Rot  Necr/Pois/Air  12%        N/A       16%         2
 Slow                     Hex            4%         N/A       28%         1
 Mephitic Cloud           Conj/Pois/Air  7%         N/A       28%         3
 Confusing Touch          Hex            1%         N/A       63%         3
 Vampiric Draining        Necr           1%         2d6       63%         3


Dungeon Overview and Level Annotations

Branches:
Dungeon (6/15)             Temple (1/1) D:5

Altars:
Ashenzari
Cheibriados
Dithmenos
Elyvilon
Fedhas
Gozag
Hepliaklqana
Kikubaaqudgha
Nemelex Xobeh
Okawaru
Qazlal
Sif Muna
Trog
Uskayaw
Vehumet
Wu Jian
Xom
Yredelemnul
Zin

Shops:
D:1 ?   D:3 [   D:5 (

Annotations:
D:6 1 transporter, Jano's ghost, novice DsFi
Temple 2 transporters


Innate Abilities, Weirdness & Mutations

You can breathe wild blasts of lightning.
Your glossy black scales are hard. (AC +7)
You cannot fit into any form of body armour.
You are resistant to electric shocks. (rElec)
You are cold-blooded and may be slowed by cold attacks.


Message History

Okay, then.
Unknown command.
You hit Jano's ghost but do no damage.
Jano's ghost is severely damaged.
Jano's ghost assumes a wrestling stance.
Jano's ghost hits you!
* * * LOW HITPOINT WARNING * * *
You feel better.
Jano's ghost hits you but does no damage.
You hit Jano's ghost.
You tail-slap Jano's ghost, but do no damage.
Jano's ghost is severely damaged.
Jano's ghost hits you!
* * * LOW HITPOINT WARNING * * *
You miss Jano's ghost.
Jano's ghost is severely damaged.
Jano's ghost closely misses you.
You hit Jano's ghost but do no damage.
Jano's ghost is severely damaged.
Jano's ghost assumes a wrestling stance.
Jano's ghost hits you but does no damage.
Throw: javelin
Press: ? - help, Shift-Dir - straight line, f - Jano's ghost
Aim: Jano's ghost (severely damaged, 50% to hit)
You throw a javelin. The javelin barely misses Jano's ghost.
Jano's ghost hits you!
* * * LOW HITPOINT WARNING * * *
Unknown command.
You feel better. Jano's ghost hits you!
* * * LOW HITPOINT WARNING * * *
You feel better. Jano's ghost hits you!
* * * LOW HITPOINT WARNING * * *
Aiming: Iceblast
Press: ? - help, Shift-Dir - straight line, p - Jano's ghost The mass of ice explodes!
The iceblast engulfs Jano's ghost!
Jano's ghost partially resists.
Jano's ghost is almost destroyed.
Jano's ghost wails, "You will join me soon!"
Jano's ghost hits you!
You die...

.# #...........######## #.#
.####.#.##.............######.###
.##.#.#.#........................
............#########...#####....
........#..##©......##..# ##.###
###...###..#8.......8#..# #..#
#...# #..#.........#..# ##.##
#...###..#$....†...#..###..#
#.......©#/...@..†.#©.....##
#...###..#/....W...#..#####
#....[...#.........#..#
#..##.#..#8.$.....8#..#
#..#.##..##.......##..#
##....##...#########...#
##.....##...............#
........##.............##
##.......###...####..###


You could see Jano's ghost.

Vanquished Creatures
  Sigmund (D:6)
  A basilisk (D:6)
  4 black bears
  4 ogres
  A centaur (D:6)
  2 phantoms
  A bullfrog (D:6)
  4 necrophages
  5 wights (D:6)
  A howler monkey (D:4)
  3 hounds (D:6)
  3 jellies
  A gnoll bouda (D:5)
  3 iguanas
  3 orc wizards (D:5)
  4 adders
  12 gnolls
  2 white imps
  3 ufetubi (D:6)
  A worm (D:2)
  A dart slug (D:1)
  11 orcs
  5 ball pythons
  A bat (D:2)
  9 endoplasms
  A giant cockroach (D:2)
  3 hobgoblins (D:1)
  5 jackals (D:5)
  9 kobolds
  9 quokkas
  A frilled lizard (D:1)
  6 goblins
  6 rats
126 creatures vanquished.

Notes
Turn   | Place    | Note
-------+----------+-------------------------------------------
     0 | D:1      | Bnni the Draconian Gladiator began the quest for the Orb.
     0 | D:1      | Reached XP level 1. HP: 17/17 MP: 1/1
   139 | D:1      | Reached XP level 2. HP: 22/25 MP: 2/2
   167 | D:1      | Found Miosh's Magic Scroll Emporium.
   843 | D:2      | Reached XP level 3. HP: 30/30 MP: 3/3
  1030 | D:2      | Reached skill level 4 in Long Blades
  1122 | D:2      | Reached XP level 4. HP: 28/38 MP: 4/4
  1760 | D:3      | You fall into a shaft and drop 2 floors!
  1760 | D:5      | Entered Level 5 of the Dungeon
  1765 | D:5      | Noticed a necrophage
  1788 | D:5      | Reached skill level 5 in Long Blades
  1788 | D:5      | Reached XP level 5. HP: 44/46 MP: 5/5
  1796 | D:5      | Found a staircase to the Ecumenical Temple.
  1818 | D:5      | Noticed an ogre
  1844 | D:5      | Killed an ogre
  1845 | D:5      | Reached XP level 6. HP: 21/53 MP: 6/6
  1904 | D:4      | Found a radiant altar of Vehumet.
  1908 | D:4      | Reached skill level 6 in Long Blades
  2107 | D:3      | Found Keubitakh's Armour Boutique.
  2213 | D:3      | Found an ancient bone altar of Kikubaaqudgha.
  2797 | D:4      | Reached skill level 5 in Fighting
  2797 | D:4      | Your scales start taking on a glossy black colour.
  2797 | D:4      | Reached XP level 7. HP: 50/61 MP: 7/7
  2797 | D:4      | Gained mutation: You are resistant to electric shocks.
                  | (rElec) [Black Draconian growth]
  2814 | D:4      | Learned a level 3 spell: Swiftness
  2870 | D:4      | Reached skill level 7 in Long Blades
  2870 | D:4      | Reached skill level 1 in Air Magic
  2926 | D:4      | Found a sparkling altar of Nemelex Xobeh.
  3086 | Temple   | Entered the Ecumenical Temple
  3086 | Temple   | Found a transporter.
  3086 | Temple   | Found a transporter.
  3088 | Temple   | Found a transporter.
  3088 | Temple   | Found a transporter.
  3142 | D:4      | Became a worshipper of Vehumet
  3302 | D:5      | Reached XP level 8. HP: 56/70 MP: 8/8
  3482 | D:5      | Found Kaob's Weapon Shop.
  3492 | D:5      | Reached skill level 8 in Long Blades
  3589 | D:5      | Found a basalt altar of Yredelemnul.
  3792 | D:5      | Learned a level 4 spell: Airstrike
  3793 | D:6      | Found a transporter.
  3798 | D:6      | Noticed Jano's ghost (novice DsFi)
  3801 | D:6      | Found a transporter.
  3979 | D:6      | Reached * piety under Vehumet
  3979 | D:6      | Offered knowledge of Kiss of Death by Vehumet.
  3980 | D:6      | Reached skill level 5 in Air Magic
  3988 | D:6      | HP: 3/65 [wight/+1 battleaxe of freezing (2)]
  4047 | D:6      | Noticed Sigmund
  4056 | D:6      | Killed Sigmund
  4057 | D:6      | Reached skill level 1 in Spellcasting
  4283 | D:6      | Learned a level 1 spell: Shock
  4321 | D:6      | Reached XP level 9. HP: 74/78 MP: 10/12
  4384 | D:6      | Reached skill level 9 in Long Blades
  4754 | D:6      | Slain by Jano's ghost

Illustrated notes

Levels and vault maps discovered:
D:1:      nagdon_arrival_zigzag_paths, layout_basic, serial_shops,
          nicolae_shop_trees
D:2:      layout_basic
D:3:      layout_loops_ring, mainiacjoe_overflow_paths, serial_shops,
          shop_fountains, minmay_misc_feat_more_columns, minivault_4
D:4:      layout_rooms, nemelex_xobeh_ov_fountains_minmay, vehumet_altar_wand_db
D:5:      layout_rooms, lemuel_round_altar, minmay_temple_entry_mist,
          serial_shops, shop, chequers_mini_garden
D:6:      layout_loops_ring, gammafunk_ghost_arena, uniq_sigmund
Temple:   hellmonk_temple_divided_pantheon

Skill      XL: |  1  2  3  4  5  6  7  8  9 |
---------------+----------------------------+-----
Long Blades    | 4 5 6 7 8 9 |  9.2
Fighting       | 3 4 5 6 |  6.9
Air Magic      | 3 6 |  6.9
Spellcasting   | 2 |  2.5
Throwing       | |  1.7
Dodging        | |  2.6
Conjurations   | |  0.8

Action                   |  1- 3 |  4- 6 |  7- 9 || total
-------------------------+-------+-------+-------++-------
Melee: Long sword        |    86 |   160 |   195 ||   441
       Tailslap          |     7 |    20 |    41 ||    68
       Punch             |       |     2 |     2 ||     4
       Dagger            |       |       |    52 ||    52
Throw: Javelin           |     1 |     3 |     3 ||     7
       Throwing net      |       |     3 |       ||     3
       Boomerang         |       |     1 |     1 ||     2
       Dart              |       |       |     5 ||     5
 Cast: Swiftness         |       |       |     1 ||     1
       Shock             |       |       |     9 ||     9
 Abil: Breathe Lightning |       |       |    10 ||    10
Evoke: Wand              |       |       |     5 ||     5
  Use: Potion            |     1 |       |     6 ||     7
       Scroll            |       |       |     6 ||     6
 Stab: Sleeping          |     1 |     2 |     2 ||     5
       Distracted        |       |     1 |       ||     1
Armor: Skin              |    26 |    48 |   127 ||   201
Dodge: Dodged            |    66 |   133 |   193 ||   392

Table legend: (Time is in decaauts)
 A = Elapsed time spent in this place.
 B = Non-inter-level travel time spent in this place.
 C = Inter-level travel time spent in this place.
 D = Time resting spent in this place.
 E = Time spent auto-exploring this place.
 F = Levels seen in this place.
 G = Mean time per level.
                   A        B        C        D        E       F      G
               +--------+--------+--------+--------+--------+-----+--------+
         Total |   4801 |   4492 |    309 |    174 |   2905 |   7 |  685.9 |
       Dungeon |   4768 |   4469 |    299 |    174 |   2905 |   6 |  794.7 |
        Temple |     33 |     23 |     10 |      0 |      0 |   1 |   33.0 |
               +--------+--------+--------+--------+--------+-----+--------+

Top non-repeatable levels by time:
     D:6: 918 daAuts
     D:2: 850 daAuts
     D:1: 847 daAuts
     D:3: 778 daAuts
     D:5: 766 daAuts
     D:4: 606 daAuts
  Temple: 33 daAuts
